 Dungeon Crawl Stone Soup version 0.31-a0-1300-gb6740aa (webtiles) character file.

Game seed: 17036282767415228966

58 Meow the Conjurer (level 4, 34/36 HPs)
             Began as a Naga Conjurer on Dec 18, 2023.
             Quit the game on level 2 of the Dungeon.
             The game lasted 00:03:46 (1322 turns).

Meow the Conjurer (Naga Conjurer)                   Turns: 1322, Time: 00:03:47

Health: 34/36      AC:  2    Str:  9    XL:     4   Next: 1%
Magic:  4/8        EV:  9    Int: 20    God:
Gold:   52         SH:  0    Dex: 10    Spells: 6/9 levels left

rFire   . . .        a - +1 dagger (venom)
rCold   . . .        (no shield)
rNeg    + . .        d - +0 robe
rPois   +            (no helmet)
rElec   .            (no cloak)
rCorr   +            (no gloves)
SInv    +            (no barding)
Will    .....        (no amulet)
Stlth   ++           j - ring of resist corrosion
HPRegen 0.26/turn    k - ring of positive energy
MPRegen 0.11/turn

%: no passive effects
@: short of breath, very slow
A: AC +1, large, see invisible, deformed body, poison resistance, slowness 2,
spit poison 1, naga tail 1
a: Spit Poison


You were on level 2 of the Dungeon.
You visited 1 branch of the dungeon, and saw 2 of its levels.

You collected 52 gold pieces.

Inventory:

Hand Weapons
 a - a +1 dagger of venom (weapon)
Missiles
 c - 16 stones
Armour
 d - a +0 robe (worn)
Jewellery
 j - a ring of resist corrosion (left hand)
 k - a ring of positive energy (right hand)
Scrolls
 f - a scroll of blinking
 g - a scroll of teleportation
 i - 3 scrolls of brand weapon
 m - a scroll of revelation
 n - a scroll of poison
Potions
 b - a potion of magic
 e - a potion of attraction
 h - a potion of heal wounds {unknown}
 l - a potion of invisibility {unknown}
 o - a potion of brilliance {unknown}
 p - a potion of curing {unknown}


   Skills:
 - Level 1.5 Dodging
 - Level 3.0 Stealth
 + Level 3.1 Spellcasting
 + Level 4.7 Conjurations


You had 6 spell levels left.
You knew the following spells:

 Your Spells              Type           Power      Damage    Failure   Level
a - Magic Dart            Conj           88%        1d7       1%          1
b - Searing Ray           Conj           44%        2d6       3%          2

Your spell library contained the following spells:

 Spells                   Type           Power      Damage    Failure   Level
 Dazzling Flash           Conj/Hex       24%        N/A       16%         3
 Fulminant Prism          Conj/Hex       6%         3d6       47%         4
 Iskenderun's Mystic Bla  Conj/Tloc      12%        2d5       47%         4


Dungeon Overview and Level Annotations

Branches:
Dungeon (2/15)

Altars:


Innate Abilities, Weirdness & Mutations

Your serpentine skin is tough. (AC +1)
You have supernaturally acute eyesight. (SInv)
Armour fits poorly on your strangely shaped body.
Your system is resistant to poisons. (rPois)
You cover ground very slowly.
You can spit poison.
You have a snake-like lower body.


Message History

Aiming: Magic Dart (safe; 1% risk of failure)
Press: ? - help, Shift-Dir - straight line, f/p - goblin
Aim: a goblin, wielding a +0 dagger (severely wounded, 100% to hit)
The magic dart hits the goblin.
You kill the goblin!
Unknown command.
You start resting.
You have got your breath back.
You start resting.
Magic restored.
Things that are here:
a +0 dagger; an adder corpse
o - a scroll of identify
p - a pink potion
As you read the scroll of identify, it crumbles to dust.
g - a scroll of teleportation
o - a fizzy inky potion
Found a leather armour.
An adder comes into view.
The adder closely misses you.
Aiming: Spit Poison (2% risk of failure)
Press: ? - help, Shift-Dir - straight line, f - adder
Aim: an adder (37% to hit)
The splash of poison misses the adder.
The adder bites you. The adder bites you but does no damage.
Unknown command.
Casting: Magic Dart (safe; 1% risk of failure)
Confirm with . or Enter, or press ? or * to list all spells.
Aiming: Searing Ray (safe; 3% risk of failure)
Press: ? - help, Shift-Dir - straight line, f/p - adder
Aim: an adder (63% to hit)
The searing ray hits the adder!
The adder is severely wounded. (Press . to maintain the ray.)
The adder closely misses you.
The searing ray hits the adder.
You kill the adder!
You have reached level 4!
You feel agile.
Are you sure you want to abandon this character and quit the game? (Confirm with "yes".)

#.# #.##### #.# #.#
### # ##.## #.###..
#. ##.#.## #.....#
#. ##.###.###......
#.###.## ##.##.##.##
#....## ##.#..#.#.
#..##.## ##.##...#.#
#[.@.#.###......##.#
##.#....#...........
#.#####.##########.
.. ### . .#. # #.#.
# ##


There were no monsters in sight!

Vanquished Creatures
  3 adders (D:2)
  4 ball pythons
  2 endoplasms
  2 giant cockroaches (D:1)
  4 goblins
  3 hobgoblins (D:1)
  3 kobolds (D:1)
  5 bats (D:1)
  3 frilled lizards
  2 rats (D:1)
31 creatures vanquished.

Notes
Turn   | Place    | Note
-------+----------+-------------------------------------------
     0 | D:1      | Meow the Naga Conjurer began the quest for the Orb.
     0 | D:1      | Reached XP level 1. HP: 15/15 MP: 3/3
   234 | D:1      | Reached XP level 2. HP: 22/22 MP: 0/5
   237 | D:1      | Learned a level 2 spell: Searing Ray
   877 | D:1      | Reached XP level 3. HP: 28/28 MP: 4/6
  1322 | D:2      | Reached XP level 4. HP: 34/36 MP: 4/8
  1322 | D:2      | Quit the game

Illustrated notes

Levels and vault maps discovered:
D:1:      dpeg_arrival_signposts, layout_basic, minmay_misc_feat_plants,
          minmay_box_of_dots
D:2:      layout_loops_ring, shapermc_ecumenical_altar_flowoftime,
          minmay_tromino_v7

Skill      XL: |  1  2  3 |
---------------+----------+-----
Spellcasting   | 3 |  3.1
Dodging        | |  1.5
Stealth        | |  3.0
Conjurations   | |  4.7

Action                     |  1- 3 |  4- 6 || total
---------------------------+-------+-------++-------
   Cast: Magic Dart        |    29 |       ||    29
         Searing Ray       |     4 |       ||     4
Ability: Spit Poison       |    20 |       ||    20
    Use: Scroll            |     6 |       ||     6
 Armour: Robe              |     9 |       ||     9
  Dodge: Dodged            |     4 |       ||     4

Table legend: (Time is in decaauts)
 A = Elapsed time spent in this place.
 B = Non-inter-level travel time spent in this place.
 C = Inter-level travel time spent in this place.
 D = Time resting spent in this place.
 E = Time spent auto-exploring this place.
 F = Levels seen in this place.
 G = Mean time per level.
                   A        B        C        D        E       F      G
               +--------+--------+--------+--------+--------+-----+--------+
         Total |   1673 |   1602 |     71 |    330 |   1066 |   2 |  836.5 |
       Dungeon |   1673 |   1602 |     71 |    330 |   1066 |   2 |  836.5 |
               +--------+--------+--------+--------+--------+-----+--------+

Top non-repeatable levels by time:
     D:1: 1389 daAuts
     D:2: 283 daAuts
